Map: World of Sleepers LE

Players

Elazer

  • Race: Zerg Zerg
  • Spawn Location: 1:00

Trap - Winner!

  • Race: Protoss Protoss
  • Spawn Location: 7:00

Event: 2019 WCS Global FInals

VOD

Have the link to the VOD?

Description

Time

  • Played on: Oct. 27, 2019, 4:01 a.m.
  • Length: 7:38

All games in this series

Show
View Real Time Build Order
Export as new Build Order

Elazer Zerg 

Build Orders: Hatch First 

Get SALT Encoding   

  12  0:00  Drone  
  13  0:12  Overlord  
  13  0:17  Drone  
  14  0:30  Drone x2  
  16  0:47  Hatchery  
  15  0:51  Drone  
  15  0:54  Drone  
  17  0:57  Drone  
  18  1:08  Extractor  
  17  1:12  Spawning Pool  
  17  1:15  Drone  
  17  1:19  Drone  
  18  1:27  Drone  
  19  1:41  Drone  
  20  1:49  Drone  
  21  1:59  Queen x2  
  21  2:00  Overlord, Zergling x2  
  26  2:12  Zergling x2  
  26  2:13  Drone  
  28  2:21  Drone x2  
  30  2:30  Hatchery  
  30  2:33  Drone  
  30  2:34  Drone  
  31  2:41  Queen  
  33  2:45  Metabolic Boost  
  33  2:49  Overlord  
  33  2:52  Drone  
  33  2:57  Drone x2  
  36  3:04  Overlord  
  36  3:08  Drone x2  
  36  3:09  Drone x2  
  40  3:15  Drone x2  
  40  3:18  Overlord  
  42  3:24  Queen  
  42  3:26  Drone  
  45  3:28  Drone  
  45  3:30  Drone  
  47  3:34  Drone  
  48  3:42  Drone  
  48  3:46  Drone  
  48  3:47  Drone  
  48  3:48  Spore Crawler x3, Drone  
  49  3:50  Drone x2  
  49  3:53  Drone  
  54  3:55  Zergling x4  
  54  3:58  Drone  
  54  4:02  Queen, Unknown  
  54  4:04  Drone  
  54  4:07  Overlord  
  56  4:12  Drone x2  
  55  4:19  Roach Warren  
  55  4:20  Overlord  
  54  4:30  Overlord  
  54  4:32  Overlord  
  54  4:36  Overlord  
  54  4:37  Zergling x2  
  54  4:38  Zergling x8  
  59  4:42  Overlord  
  59  4:45  Overlord  
  59  4:51  Overlord  
  55  5:00  Roach x4  
  55  5:03  Roach  
  65  5:10  Overlord  
  65  5:12  Roach x2  
  70  5:14  Roach  
  70  5:17  Roach  
  70  5:19  Roach  
  69  5:30  Roach  
  69  5:31  Roach  
  69  5:33  Zergling x8  
  77  5:38  Zergling x6  
  80  5:43  Ravager x3  
  80  5:44  Zergling x2  
  80  5:47  Ravager x3  
  80  5:48  Zergling x2  
  88  5:51  Zergling x4  
  88  5:54  Zergling x2  
  88  5:56  Ravager  
  92  5:58  Zergling x2  
  92  6:01  Zergling x4  
  92  6:03  Ravager  
  96  6:05  Zergling x2  
  96  6:10  Zergling x2  
  96  6:11  Zergling x4  
  99  6:16  Ravager, Zergling x2  
  99  6:17  Zergling x2  
  102  6:20  Zergling x4  
  104  6:26  Ravager  
  104  6:27  Zergling x6  
  103  6:40  Zergling x6  
  103  6:45  Zergling x6  
  101  6:54  Zergling x4  
  94  6:59  Zergling x2  
  81  7:06  Zergling x6  
  75  7:12  Roach  
  75  7:13  Ravager  
  71  7:19  Roach x2  
Show
View Real Time Build Order
Export as new Build Order

Trap Protoss - Winner!

Build Orders: 1 Gate Expand, Oracle Opening, Phoenix Opening 

Get SALT Encoding   

  12  0:00  Probe  
  13  0:12  Probe  
  14  0:18  Pylon  
  14  0:24  Probe  
  15  0:36  Probe (Chrono Boost)  
  16  0:45  Gateway  
  16  0:46  Assimilator, Probe (Chrono Boost)  
  17  0:51  Probe (Chrono Boost)  
  18  1:03  Probe  
  19  1:15  Probe  
  20  1:22  Nexus  
  20  1:33  Cybernetics Core  
  20  1:35  Probe  
  21  1:43  Assimilator  
  21  1:48  Probe  
  21  1:52  Pylon  
  22  2:00  Probe (Chrono Boost)  
  23  2:09  Adept  
  23  2:12  Probe (Chrono Boost)  
  23  2:14  Stargate  
  26  2:21  Probe (Chrono Boost)  
  27  2:24  Warp Gate  
  28  2:32  Probe (Chrono Boost)  
  28  2:34  Probe (Chrono Boost)  
  29  2:41  Adept  
  29  2:44  Probe (Chrono Boost)  
  33  2:45  Probe (Chrono Boost)  
  33  2:49  Probe (Chrono Boost)  
  34  2:53  Probe  
  34  2:56  Phoenix (Chrono Boost)  
  37  3:00  Probe  
  37  3:04  Pylon  
  37  3:05  Probe  
  39  3:11  Oracle (Chrono Boost)  
  39  3:13  Probe  
  39  3:17  Probe  
  44  3:21  Gateway  
  44  3:25  Probe  
  45  3:29  Probe  
  45  3:34  Assimilator x2  
  46  3:37  Probe  
  46  3:39  Oracle (Chrono Boost)  
  47  3:41  Probe  
  47  3:44  Pylon  
  51  3:49  Probe  
  51  3:53  Probe  
  53  4:03  Robotics Facility  
  53  4:04  Probe  
  53  4:05  Probe  
  55  4:13  Oracle (Chrono Boost)  
  55  4:16  Probe  
  59  4:18  Pylon, Probe  
  59  4:19  Pylon, Adept  
  62  4:35  Gateway  
  62  4:36  Gateway  
  62  4:37  Probe x2  
  64  4:41  Sentry x2  
  68  4:52  Immortal (Chrono Boost)  
  66  4:59  Probe x2  
  72  5:01  Pylon  
  72  5:05  Sentry x2  
  76  5:10  Nexus  
  76  5:12  Pylon  
  76  5:14  Pylon  
  76  5:21  Probe x2  
  76  5:24  Observer (Chrono Boost)  
  76  5:30  Zealot x2  
  76  5:31  Zealot x2  
  76  5:35  Shield Battery  
  84  5:37  Shield Battery  
  84  5:38  Shield Battery  
  84  5:40  Twilight Council  
  84  5:45  Immortal (Chrono Boost)  
  84  5:49  Shield Battery  
  86  5:50  Shield Battery  
  86  6:01  Gateway  
  86  6:06  Gateway  
  86  6:12  Pylon  
  86  6:15  Pylon  
  86  6:16  Shield Battery  
  86  6:19  Shield Battery  
  86  6:20  Dark Shrine  
  86  6:26  Cybernetics Core  
  86  6:28  Immortal (Chrono Boost)  
  90  6:32  Zealot  
  90  6:38  Zealot x2  
  91  6:56  Zealot x2  
  91  6:57  Immortal (Chrono Boost)  
  93  7:07  Zealot x2  
  86  7:16  Gateway x2  
  84  7:22  Gateway  
  84  7:24  Gateway, Zealot x2  
Tags
 
Add a new tag
Caveats
  • Supply blocks, unpowered buildings, or Contaminate may cause inaccurate times.
  • Supply counts are checked every 10 seconds.